[Event "45th FIDE Womens Olympiad 2024"]
[Site "Budapest"]
[Date "2024.09.11"]
[Round "1.78"]
[White "Mefteh, Meyssem"]
[Black "Luong Phuong Hanh"]
[Result "0-1"]
[ECO "D91"]
[WhiteElo "1834"]
[BlackElo "2225"]
[Annotator "ChessBase"]
[PlyCount "200"]
[EventDate "2024.09.05"]
[EventType "team-tourn"]
[EventCountry "HUN"]
[SourceTitle "playchess.com"]
[Source "ChessBase"]
[SourceQuality "1"]
[WhiteTeam "Tunisia"]
[BlackTeam "Vietnam"]
[WhiteTeamCountry "TUN"]
[BlackTeamCountry "VIE"]
[TimeControl "40/5400+30:1800+30"]

1. d4 Nf6 2. c4 g6 3. Nc3 d5 4. Bg5 Ne4 5. Bh4 Nxc3 6. bxc3 dxc4 7. e3 Be6 8. Nf3 Bg7 9. Qb1 Qd5 10. Be2 O-O 11. Bxe7 Bf5 12. Qb2 Re8 13. Bh4 Nd7 14. O-O Nb6 15. a4 Qa5 16. Qa2 Bd3 17. Bxd3 cxd3 18. Rfd1 c5 19. Rxd3 c4 20. Rdd1 Rac8 21. Rdc1 Nd5 22. Qb2 Qc7 23. Qb5 Nf6 24. Bxf6 Bxf6 25. Rab1 b6 26. Nd2 Bg7 27. Rb4 Qe7 28. Rxc4 Rcd8 29. Rc6 Bh6 30. Re1 Bf8 31. Qc4 Rd7 32. Nf3 Bg7 33. Rc8 Rxc8 34. Qxc8+ Rd8 35. Qc4 Qd7 36. Qb5 Qe7 37. Qg5 Bf6 38. Qb5 Qe4 39. Qa6 Qe7 40. Qc4 Qd7 41. Rb1 Rc8 42. Qb3 Qf5 43. Rd1 g5 44. h3 h5 45. Rc1 g4 46. hxg4 hxg4 47. Nh2 g3 48. fxg3 Bg5 49. c4 Qe4 50. Nf1 Rc6 51. Re1 Rh6 52. Qb1 Qg4 53. Qd1 Qe4 54. Qf3 Qh7 55. e4 Rh1+ 56. Kf2 Qg7 57. e5 Be7 58. Re4 Kh8 59. Rg4 Qf8 60. e6 f5 61. Rf4 Qf6 62. Qe3 Bd6 63. e7 Bxe7 64. Qe5 Qxe5 65. dxe5 Bc5+ 66. Ke2 Rg1 67. Rxf5 Rxg2+ 68. Kd1 Ra2 69. e6 Kg8 70. g4 Rxa4 71. g5 Rxc4 72. Nd2 Rd4 73. Kc2 Be7 74. g6 Rd6 75. Re5 Kg7 76. Nc4 Rc6 77. Kb3 Kxg6 78. Re1 Kf5 79. Na3 Bxa3 80. e7 Bxe7 81. Rxe7 a6 82. Kb4 Rc5 83. Re3 Re5 84. Rd3 Re4+ 85. Ka3 Ke5 86. Rd2 Rd4 87. Rc2 Kd5 88. Kb3 a5 89. Rc1 b5 90. Rc2 Rd3+ 91. Kb2 a4 92. Rc7 Rh3 93. Rg7 Kc5 94. Rg5+ Kb4 95. Rg4+ Ka5 96. Rg5 a3+ 97. Ka2 Ka4 98. Rg4+ b4 99. Rg2 b3+ 100. Ka1 Rh1+ 0-1

[Event "45th FIDE Womens Olympiad 2024"]
[Site "Budapest"]
[Date "2024.09.11"]
[Round "1.79"]
[White "Bach Ngoc Thuy Duong"]
[Black "Ben Amor, Meriem"]
[Result "1-0"]
[ECO "E36"]
[WhiteElo "2214"]
[BlackElo "1733"]
[Annotator "NA"]
[PlyCount "43"]
[EventDate "2024.09.05"]
[EventType "team-tourn"]
[EventCountry "HUN"]
[SourceTitle "playchess.com"]
[Source "ChessBase"]
[SourceQuality "1"]
[WhiteTeam "Vietnam"]
[BlackTeam "Tunisia"]
[WhiteTeamCountry "VIE"]
[BlackTeamCountry "TUN"]
[TimeControl "40/5400+30:1800+30"]

1. d4 Nf6 2. c4 e6 3. Nc3 Bb4 4. Qc2 O-O 5. a3 Bxc3+ 6. Qxc3 d5 7. Bg5 dxc4 8. Qxc4 b6 9. Rd1 Ba6 10. Qa4 Qd5 11. Bxf6 gxf6 12. e3 Bxf1 13. Kxf1 Rc8 14. Ne2 a5 15. Nc3 Qb7 16. d5 Kh8 17. Qh4 Rg8 18. Qxf6+ Rg7 19. dxe6 Qxg2+ 20. Ke2 Qg4+ 21. Ke1 Na6 22. e7 1-0

[Event "45th FIDE Womens Olympiad 2024"]
[Site "Budapest"]
[Date "2024.09.11"]
[Round "1.80"]
[White "Gamha, Yasmine"]
[Black "Le Thanh Tu"]
[Result "0-1"]
[ECO "C11"]
[WhiteElo "1679"]
[BlackElo "2092"]
[Annotator "NA"]
[PlyCount "62"]
[EventDate "2024.09.05"]
[EventType "team-tourn"]
[EventCountry "HUN"]
[SourceTitle "playchess.com"]
[Source "ChessBase"]
[SourceQuality "1"]
[WhiteTeam "Tunisia"]
[BlackTeam "Vietnam"]
[WhiteTeamCountry "TUN"]
[BlackTeamCountry "VIE"]
[TimeControl "40/5400+30:1800+30"]

1. e4 e6 2. d4 d5 3. Nc3 Nf6 4. e5 Nfd7 5. f4 c5 6. Nf3 Nc6 7. Be3 cxd4 8. Nxd4 Bc5 9. Qd2 a6 10. g3 O-O 11. Be2 Qe7 12. O-O-O Bxd4 13. Bxd4 b5 14. Rhe1 b4 15. Na4 Nxd4 16. Qxd4 Bb7 17. Bd3 Rfc8 18. f5 Qg5+ 19. Kb1 a5 20. h4 Qh6 21. g4 Ba6 22. g5 Qh5 23. fxe6 fxe6 24. Bf5 Qe8 25. Bh3 Rc6 26. Bf1 Bxf1 27. Rxf1 Rac8 28. Rd2 Qg6 29. Rc1 Qf5 30. Qa7 Nxe5 31. Qe3 Nc4 0-1

[Event "45th FIDE Womens Olympiad 2024"]
[Site "Budapest"]
[Date "2024.09.11"]
[Round "1.81"]
[White "Wilson, Hannah"]
[Black "Georgescu, Lena"]
[Result "0-1"]
[ECO "E39"]
[WhiteElo "1888"]
[BlackElo "2266"]
[Annotator "ChessBase"]
[PlyCount "72"]
[EventDate "2024.09.05"]
[EventType "team-tourn"]
[EventCountry "HUN"]
[SourceTitle "playchess.com"]
[Source "ChessBase"]
[SourceQuality "1"]
[WhiteTeam "Barbados"]
[BlackTeam "Switzerland"]
[WhiteTeamCountry "BAR"]
[BlackTeamCountry "SUI"]
[TimeControl "40/5400+30:1800+30"]

1. d4 Nf6 2. c4 e6 3. Nc3 Bb4 4. Qc2 O-O 5. Bg5 c5 6. dxc5 Bxc5 7. e3 h6 8. Bh4 b6 9. Nf3 Bb7 10. Be2 Be7 11. O-O Na6 12. Rfd1 Nc5 13. Ne5 d6 14. Nb5 a6 15. Nc3 Qc7 16. Nd3 Rfd8 17. b4 Ncd7 18. Bg3 Rac8 19. Rac1 Qb8 20. Qb3 Qa8 21. f3 d5 22. Nf4 g5 23. Nh3 Bf8 24. cxd5 exd5 25. Rf1 Re8 26. Na4 b5 27. Nb2 Bg7 28. Rcd1 Nb6 29. Nf2 Nh5 30. Bd6 Rc3 31. Qxc3 Bxc3 32. f4 Nf6 33. fxg5 hxg5 34. Nfd3 Nc4 35. Bc5 Nxb2 36. Nxb2 Bxb2 0-1

[Event "45th FIDE Womens Olympiad 2024"]
[Site "Budapest"]
[Date "2024.09.11"]
[Round "1.82"]
[White "Hakimifard, Ghazal"]
[Black "Blackman, Katrina"]
[Result "1-0"]
[ECO "C06"]
[WhiteElo "2192"]
[BlackElo "1814"]
[Annotator "ChessBase"]
[PlyCount "73"]
[EventDate "2024.09.05"]
[EventType "team-tourn"]
[EventCountry "HUN"]
[SourceTitle "playchess.com"]
[Source "ChessBase"]
[SourceQuality "1"]
[WhiteTeam "Switzerland"]
[BlackTeam "Barbados"]
[WhiteTeamCountry "SUI"]
[BlackTeamCountry "BAR"]
[TimeControl "40/5400+30:1800+30"]

1. e4 e6 2. d4 d5 3. Nd2 Nf6 4. e5 Nfd7 5. c3 c5 6. Bd3 Nc6 7. Ngf3 cxd4 8. cxd4 f6 9. exf6 Nxf6 10. O-O Bd6 11. Re1 O-O 12. Nf1 Qc7 13. Bd2 Bd7 14. Bc3 Rac8 15. a3 a5 16. Rc1 h6 17. Ne5 b6 18. Ng3 Nd8 19. Bb1 Be8 20. Qd3 Qe7 21. Bd2 Rxc1 22. Rxc1 g5 23. Re1 Bxe5 24. Rxe5 Qg7 25. b4 a4 26. b5 Ng4 27. Re2 Qf7 28. f3 Nf6 29. Bb4 Nb7 30. Bc2 Na5 31. Bxa4 Nc4 32. Bxf8 Kxf8 33. Ne4 Nh5 34. g3 Qc7 35. Nf2 Nb2 36. Rxb2 Qc1+ 37. Nd1 1-0

[Event "45th FIDE Womens Olympiad 2024"]
[Site "Budapest"]
[Date "2024.09.11"]
[Round "1.83"]
[White "Reifer-Belle, Chanon"]
[Black "Hryzlova, Sofiia"]
[Result "1/2-1/2"]
[ECO "B14"]
[WhiteElo "1736"]
[BlackElo "2188"]
[Annotator "ChessBase"]
[PlyCount "90"]
[EventDate "2024.09.05"]
[EventType "team-tourn"]
[EventCountry "HUN"]
[SourceTitle "playchess.com"]
[Source "ChessBase"]
[SourceQuality "1"]
[WhiteTeam "Barbados"]
[BlackTeam "Switzerland"]
[WhiteTeamCountry "BAR"]
[BlackTeamCountry "SUI"]
[TimeControl "40/5400+30:1800+30"]

1. e4 c5 2. c3 d5 3. exd5 Nf6 4. d4 Nxd5 5. Nf3 e6 6. Be2 Be7 7. O-O cxd4 8. cxd4 O-O 9. Nc3 Nc6 10. Be3 b6 11. Rc1 Bb7 12. a3 Rc8 13. Nxd5 Qxd5 14. Bc4 Qd6 15. b4 Bf6 16. Qd2 Rfd8 17. Rfd1 Qb8 18. Qe2 Ne7 19. Ng5 Bd5 20. Bd3 h6 21. Rxc8 Qxc8 22. Ne4 Bxe4 23. Bxe4 Nd5 24. Rc1 Qd7 25. Qf3 Qe7 26. Qg3 Bh4 27. Qe5 Qf6 28. Qxf6 Bxf6 29. Kf1 Kf8 30. Ke2 Ke7 31. b5 g5 32. Rc4 Bg7 33. Bd2 Rd7 34. Bxd5 exd5 35. Bb4+ Kd8 36. Rc6 Bxd4 37. Rxh6 Be5 38. h4 gxh4 39. Rxh4 Rc7 40. Rh5 f6 41. Rh8+ Kd7 42. Rh7+ Ke6 43. Rxc7 Bxc7 44. Kd3 f5 45. g3 Ke5 1/2-1/2

[Event "45th FIDE Womens Olympiad 2024"]
[Site "Budapest"]
[Date "2024.09.11"]
[Round "1.84"]
[White "Manko, Mariia"]
[Black "Eversley, Kiarra"]
[Result "1-0"]
[ECO "D11"]
[WhiteElo "2159"]
[BlackElo "1615"]
[Annotator "NA"]
[PlyCount "53"]
[EventDate "2024.09.05"]
[EventType "team-tourn"]
[EventCountry "HUN"]
[SourceTitle "playchess.com"]
[Source "ChessBase"]
[SourceQuality "1"]
[WhiteTeam "Switzerland"]
[BlackTeam "Barbados"]
[WhiteTeamCountry "SUI"]
[BlackTeamCountry "BAR"]
[TimeControl "40/5400+30:1800+30"]

1. d4 d5 2. c4 c6 3. Nf3 Nf6 4. g3 Bf5 5. Nc3 e6 6. Nh4 Bg4 7. h3 Bh5 8. g4 Bg6 9. g5 Be4 10. f3 Qd6 11. Rg1 Bxf3 12. gxf6 Bxe2 13. fxg7 Bxg7 14. Bxe2 Bf6 15. Nf3 Nd7 16. cxd5 exd5 17. Bg5 O-O-O 18. Qd3 Bxg5 19. Nxg5 Qf4 20. Rg4 Qf6 21. O-O-O h5 22. Rgg1 Rdf8 23. Kb1 Qd6 24. Qg3 Qb4 25. Rge1 a5 26. Nxd5 cxd5 27. Rc1+ 1-0

[Event "45th FIDE Womens Olympiad 2024"]
[Site "Budapest"]
[Date "2024.09.11"]
[Round "1.85"]
[White "Sandu, Mihaela"]
[Black "Aliu, Arlinda"]
[Result "1-0"]
[ECO "B08"]
[WhiteElo "2248"]
[BlackElo "1780"]
[Annotator "ChessBase"]
[PlyCount "111"]
[EventDate "2024.09.05"]
[EventType "team-tourn"]
[EventCountry "HUN"]
[SourceTitle "playchess.com"]
[Source "ChessBase"]
[SourceQuality "1"]
[WhiteTeam "Romania"]
[BlackTeam "Kosovo"]
[WhiteTeamCountry "ROU"]
[BlackTeamCountry "KOS"]
[TimeControl "40/5400+30:1800+30"]

1. e4 d6 2. d4 Nf6 3. Nc3 g6 4. Nf3 Bg7 5. Be2 Nbd7 6. O-O O-O 7. Re1 e5 8. a4 c6 9. a5 Re8 10. dxe5 Nxe5 11. h3 Qc7 12. Bf4 Be6 13. Nd4 Rad8 14. Nxe6 fxe6 15. Be3 Ra8 16. f4 Nf7 17. Qd2 d5 18. e5 Nd7 19. Bf3 Nh6 20. Bf2 Rf8 21. Ne2 Nf5 22. c4 Qd8 23. cxd5 cxd5 24. Bxd5 exd5 25. Qxd5+ Kh8 26. Rad1 Nxe5 27. fxe5 Qc7 28. Nc3 Rad8 29. Qc5 Qxc5 30. Bxc5 Rxd1 31. Rxd1 Re8 32. g4 Nh4 33. Bxa7 Nf3+ 34. Kg2 Nxe5 35. Bd4 Nc6 36. Bxg7+ Kxg7 37. b4 Nxb4 38. Rb1 Re3 39. Rxb4 Rxc3 40. Rxb7+ Kh6 41. a6 Ra3 42. a7 Kg5 43. Rxh7 Kf4 44. Rf7+ Kg5 45. Kf2 Kh4 46. Rh7+ Kg5 47. Ke2 Kf4 48. Kd2 g5 49. Kc2 Kg3 50. Kb2 Ra5 51. Kb3 Ra6 52. Kb4 Ra1 53. Kb5 Kf4 54. Kc6 Rc1+ 55. Kb7 Rb1+ 56. Kc7 1-0

[Event "45th FIDE Womens Olympiad 2024"]
[Site "Budapest"]
[Date "2024.09.11"]
[Round "1.86"]
[White "Recica, Jona"]
[Black "Voicu-Jagodzinsky, Carmen"]
[Result "0-1"]
[ECO "B23"]
[WhiteElo "1791"]
[BlackElo "2271"]
[Annotator "ChessBase"]
[PlyCount "72"]
[EventDate "2024.09.05"]
[EventType "team-tourn"]
[EventCountry "HUN"]
[SourceTitle "playchess.com"]
[Source "ChessBase"]
[SourceQuality "1"]
[WhiteTeam "Kosovo"]
[BlackTeam "Romania"]
[WhiteTeamCountry "KOS"]
[BlackTeamCountry "ROU"]
[TimeControl "40/5400+30:1800+30"]

1. e4 c5 2. Nc3 Nc6 3. f4 g6 4. Nf3 Bg7 5. Bb5 Nd4 6. O-O a6 7. Bc4 b5 8. Bd5 Ra7 9. d3 e6 10. Bb3 Ne7 11. Nxd4 cxd4 12. Ne2 d5 13. e5 Nc6 14. Qe1 f6 15. a4 b4 16. a5 O-O 17. exf6 Bxf6 18. Ba4 Rc7 19. Bxc6 Rxc6 20. Qxb4 e5 21. fxe5 Be7 22. Rxf8+ Bxf8 23. Qb3 Re6 24. Bf4 Bc5 25. Qa2 g5 26. Bg3 h5 27. h3 h4 28. Bh2 Rg6 29. Kh1 Be6 30. Qb1 Rg7 31. Qg1 Bf7 32. Nxd4 g4 33. Ne6 Bxe6 34. Qxc5 gxh3 35. gxh3 d4 36. Qb6 Qd5# 0-1

[Event "45th FIDE Womens Olympiad 2024"]
[Site "Budapest"]
[Date "2024.09.11"]
[Round "1.87"]
[White "Lehaci, Miruna-Daria"]
[Black "Saraci, Rinesa"]
[Result "1-0"]
[ECO "C45"]
[WhiteElo "2180"]
[BlackElo "1757"]
[Annotator "ChessBase"]
[PlyCount "69"]
[EventDate "2024.09.05"]
[EventType "team-tourn"]
[EventCountry "HUN"]
[SourceTitle "playchess.com"]
[Source "ChessBase"]
[SourceQuality "1"]
[WhiteTeam "Romania"]
[BlackTeam "Kosovo"]
[WhiteTeamCountry "ROU"]
[BlackTeamCountry "KOS"]
[TimeControl "40/5400+30:1800+30"]

1. e4 e5 2. Nf3 Nc6 3. d4 exd4 4. Nxd4 Bc5 5. Nb3 Bb6 6. Nc3 d6 7. Qe2 h6 8. Be3 Nge7 9. O-O-O Bxe3+ 10. Qxe3 O-O 11. f4 Qe8 12. Re1 f5 13. exf5 Bxf5 14. g4 Bd7 15. Bc4+ Kh8 16. g5 Nf5 17. Qd2 Qh5 18. Nd5 Rac8 19. Rhg1 Rfe8 20. Rxe8+ Bxe8 21. gxh6 Nxh6 22. Qc3 Qf7 23. Nb6 Qf8 24. Nxc8 Bd7 25. Rg6 Qxf4+ 26. Nd2 Ne5 27. Ne7 Nf5 28. Nxf5 Bxf5 29. Rg1 Qf2 30. Qg3 Qxg3 31. hxg3 g6 32. Be2 Kg7 33. g4 Bd7 34. g5 Bf5 35. Nc4 1-0

[Event "45th FIDE Womens Olympiad 2024"]
[Site "Budapest"]
[Date "2024.09.11"]
[Round "1.88"]
[White "Saraci, Ndriqona"]
[Black "Ciolacu, Alessia-Mihaela"]
[Result "0-1"]
[ECO "B51"]
[WhiteElo "1656"]
[BlackElo "2160"]
[Annotator "ChessBase"]
[PlyCount "112"]
[EventDate "2024.09.05"]
[EventType "team-tourn"]
[EventCountry "HUN"]
[SourceTitle "playchess.com"]
[Source "ChessBase"]
[SourceQuality "1"]
[WhiteTeam "Kosovo"]
[BlackTeam "Romania"]
[WhiteTeamCountry "KOS"]
[BlackTeamCountry "ROU"]
[TimeControl "40/5400+30:1800+30"]

1. e4 c5 2. Nf3 d6 3. Bb5+ Nd7 4. c4 Ngf6 5. d3 a6 6. Ba4 g6 7. O-O Bg7 8. e5 dxe5 9. Nxe5 O-O 10. Nxd7 Bxd7 11. Bxd7 Qxd7 12. Qf3 Rfd8 13. Rd1 Ng4 14. Nc3 Rac8 15. Nd5 Ne5 16. Qe3 Rc6 17. Rb1 e6 18. Nf4 Nxc4 19. Qe4 Nd6 20. Qf3 Nf5 21. Be3 e5 22. Nh3 Nd4 23. Bxd4 Qxd4 24. Qe4 f5 25. Qxd4 Rxd4 26. f3 Bh6 27. Kf2 c4 28. dxc4 Rcxc4 29. Rxd4 Rc2+ 30. Kg3 exd4 31. f4 d3 32. a4 d2 33. Rd1 Rxb2 34. Kf2 Bf8 35. Ke2 Bb4 36. Nf2 Ra2 37. Nd3 Rxa4 38. Nxb4 Rxb4 39. Rxd2 Re4+ 40. Kf3 Re6 41. Rd8+ Kf7 42. Rd7+ Re7 43. Rd6 Rc7 44. Rb6 a5 45. Ke3 a4 46. Kd3 Ke7 47. h3 Kd8 48. g4 Kc8 49. gxf5 gxf5 50. Rb5 Rc6 51. Rxf5 a3 52. Ra5 Ra6 53. Rc5+ Kd7 54. Rc1 a2 55. Ra1 Ke6 56. Kc4 Kf5 0-1

[Event "45th FIDE Womens Olympiad 2024"]
[Site "Budapest"]
[Date "2024.09.11"]
[Round "1.89"]
[White "Ghitza, Elena"]
[Black "Avramidou, Anastasia"]
[Result "0-1"]
[ECO "E73"]
[WhiteElo "1817"]
[BlackElo "2290"]
[Annotator "ChessBase"]
[PlyCount "88"]
[EventDate "2024.09.05"]
[EventType "team-tourn"]
[EventCountry "HUN"]
[SourceTitle "playchess.com"]
[Source "ChessBase"]
[SourceQuality "1"]
[WhiteTeam "Malta"]
[BlackTeam "Greece"]
[WhiteTeamCountry "MLT"]
[BlackTeamCountry "GRE"]
[TimeControl "40/5400+30:1800+30"]

1. c4 Nf6 2. Nc3 g6 3. d4 Bg7 4. e4 d6 5. Be2 O-O 6. Be3 e5 7. d5 Na6 8. f3 Nh5 9. Qd2 f5 10. Bg5 Qe8 11. Nb5 Bd7 12. b4 Nf4 13. Bf1 h6 14. Bh4 g5 15. Bf2 fxe4 16. fxe4 Qg6 17. Nc3 Nxb4 18. Rb1 a5 19. a3 b6 20. g3 Nh5 21. Bg2 Na6 22. Nf3 Bg4 23. Qe3 Rf7 24. O-O Raf8 25. Nd2 Nc5 26. h3 Bc8 27. Kh2 g4 28. h4 Nf4 29. Bg1 h5 30. Ne2 Nxg2 31. Kxg2 Bh6 32. Rxf7 Rxf7 33. Qc3 Nxe4 34. Qc2 Bxd2 35. Rd1 Bh6 36. Nc3 Bf5 37. Re1 Bd2 38. Re3 Bxe3 39. Bxe3 Nxc3 40. Qxc3 Bb1 41. Kg1 Qd3 42. Qe1 Qe4 43. Qd2 Qf3 44. Kh2 Be4 0-1

[Event "45th FIDE Womens Olympiad 2024"]
[Site "Budapest"]
[Date "2024.09.11"]
[Round "1.90"]
[White "Pavlidou, Ekaterini"]
[Black "Farrugia, Jamie"]
[Result "1-0"]
[ECO "D30"]
[WhiteElo "2141"]
[BlackElo "1733"]
[Annotator "NA"]
[PlyCount "81"]
[EventDate "2024.09.05"]
[EventType "team-tourn"]
[EventCountry "HUN"]
[SourceTitle "playchess.com"]
[Source "ChessBase"]
[SourceQuality "1"]
[WhiteTeam "Greece"]
[BlackTeam "Malta"]
[WhiteTeamCountry "GRE"]
[BlackTeamCountry "MLT"]
[TimeControl "40/5400+30:1800+30"]

1. d4 d5 2. c4 c6 3. Nf3 Nf6 4. e3 e6 5. b3 Be7 6. Bb2 Nbd7 7. Nbd2 O-O 8. Bd3 h6 9. O-O b6 10. Ne5 Bb7 11. Qe2 Rc8 12. Rad1 Bd6 13. f4 c5 14. Bb1 Rc7 15. Rf2 Re8 16. Rdf1 Nf8 17. f5 N8h7 18. h4 Ne4 19. Nxe4 dxe4 20. g3 f6 21. Ng4 Bxg3 22. Rg2 Qd6 23. dxc5 bxc5 24. Rd1 Qe7 25. Rxg3 Kf7 26. fxe6+ Qxe6 27. Rf1 Rd8 28. Qg2 Ke8 29. Nf2 Rd2 30. Bc3 Re2 31. Bxe4 Rxf2 32. Bg6+ Ke7 33. Qxf2 Qc6 34. e4 Nf8 35. Bf5 Kf7 36. b4 g6 37. b5 Qd6 38. Bxg6+ Nxg6 39. Qxf6+ Qxf6 40. Rxf6+ Ke7 41. Rgxg6 1-0

[Event "45th FIDE Womens Olympiad 2024"]
[Site "Budapest"]
[Date "2024.09.11"]
[Round "1.91"]
[White "Stagno, Milena"]
[Black "Markantonaki, Haritomeni"]
[Result "0-1"]
[ECO "B22"]
[WhiteElo "1664"]
[BlackElo "2179"]
[Annotator "TA"]
[PlyCount "138"]
[EventDate "2024.09.05"]
[EventType "team-tourn"]
[EventCountry "HUN"]
[SourceTitle "playchess.com"]
[Source "ChessBase"]
[SourceQuality "1"]
[WhiteTeam "Malta"]
[BlackTeam "Greece"]
[WhiteTeamCountry "MLT"]
[BlackTeamCountry "GRE"]
[TimeControl "40/5400+30:1800+30"]

1. e4 c5 2. c3 d5 3. exd5 Qxd5 4. d4 Nc6 5. Nf3 Bf5 6. Be3 cxd4 7. cxd4 Bxb1 8. Qxb1 Nf6 {The position is equal.} 9. Be2 e6 10. a3 {Wards off Bb4+} Be7 11. O-O O-O 12. Qd3 Rfd8 13. Rfd1 Rac8 14. Qb5 Qxb5 15. Bxb5 Nd5 16. Rac1 Na5 17. Rxc8 Rxc8 18. Rc1 Rxc1+ 19. Bxc1 a6 20. Bd3 Bd6 21. b4 Nc6 22. Bb2 f6 23. Nd2 h6 24. Ne4 Bf8 25. Nc5 Bxc5 26. dxc5 $14 {[%mdl 4096] Endgame. KBB-KNN} Kf7 27. b5 (27. Kf1 $14) 27... axb5 $11 28. Bxb5 Na5 29. a4 e5 30. Kf1 Ke6 31. Bd3 Ne7 32. Bc3 Nec6 33. Be4 (33. Bxa5 $1 $15 Nxa5 34. Be4) 33... f5 (33... Nb3 $17 34. Bf3 Nxc5 35. Bxc6 bxc6) 34. Bf3 (34. Bb1 $11) 34... e4 (34... g6 $1 $17) 35. Bh5 $14 g5 36. Bg7 Nb3 37. Bxh6 Nxc5 38. Bxg5 {aiming for Bd1.} Nxa4 39. Bd1 b5 (39... Nc3 $11 {keeps the balance.} 40. Bb3+ Nd5) 40. Bb3+ $16 Ke5 $2 (40... Kd7 $16) 41. h4 $18 {Strongly threatening h5.} Nd4 $2 (41... Nc5 {was worth a try.} 42. h5 Ne6 (42... Nxb3 $2 43. h6 $18)) 42. Bf7 $2 (42. h5 Ne6 (42... Nxb3 $2 43. h6 $18) 43. Be7) 42... b4 43. h5 $1 {Threatens to win with h6.} Ne6 (43... b3 $2 44. h6 Kd6 45. h7 $18) 44. Bc1 Kf6 45. Bg8 Nf8 46. h6 $2 (46. Be3 $18) 46... Kg6 $14 47. Be3 Nh7 $1 48. Bf4 (48. Bb3 {simplifies} Nc3 49. Bc5 Kxh6 50. Bxb4 Nb5 51. Bc4) 48... Nc5 49. Bd2 b3 50. Bc3 (50. Be3 $5 b2 $8 51. Ba2 $11) 50... Na4 51. Bd2 (51. Bd4 $11 {remains equal.} b2 (51... Kxh6 $2 52. Bxb3 f4 53. Bxa4 $18) 52. Ba2) 51... b2 $17 52. Ba2 {[#]} Nf6 $1 {And now ...Kh7 would win.} 53. Ke1 $2 {[%mdl 8192] [#]} (53. Bb1 $17) 53... Nd5 $1 54. Kd1 (54. h7 Kxh7) 54... Nac3+ (54... Ndc3+ $142 55. Bxc3 Nxc3+ 56. Kc2 Nxa2 57. Kxb2 Nb4 58. f3 e3 (58... Kxh6 59. fxe4 fxe4 60. Kc1 Kg5 61. Kd2 Kf4 62. Ke2 e3 63. g4 Nd5 64. g5 Kxg5 65. Kf3 Kf5 66. Ke2 Ke4 67. Ke1 Nf4 68. Kd1 Kd3 69. Ke1 Ng2+ 70. Kf1 e2+ 71. Kf2 e1=Q+ 72. Kf3 Qe2+ 73. Kg3 Ke3 74. Kh3 Kf2 75. Kh2 Qh5#) 59. Kc3 f4 (59... Kxh6 60. f4 Kh5 61. Kxb4 e2 62. Kc5 e1=Q 63. Kd5 Qb4 64. g3 Kg6 65. Ke5 Qc4 66. g4 fxg4 67. Kd6 g3 68. Ke7 g2 69. f5+ Kxf5 70. Ke8 g1=Q 71. Kd8 Qf7 72. Kc8 Qgg8#) 60. Kxb4 e2 (60... Kxh6 {is a self mate.} 61. Kc3 Kg5 62. Kd3 Kh4 63. Ke2 Kg3 64. Kf1 Kh2 65. Ke1 Kxg2 66. Ke2 Kg3 67. Ke1 Kxf3 68. Kf1 Ke4 69. Ke2 f3+ 70. Kf1 Kd3 71. Kg1 Kd2 72. Kh2 e2 73. Kg3 f2 74. Kxf2 e1=Q+ 75. Kf3 Qh4 76. Kg2 Ke3 77. Kg1 Kf3 78. Kf1 Qh1#) 61. Kc5 Kxh6 (61... e1=B $2 62. Kd5 $19) (61... e1=Q {gets mated.} 62. Kd5 Kxh6 63. Kd4 Qd2+ 64. Kc5 Qxg2 65. Kd6 Qxf3 66. Ke5 Qe3+ 67. Kd6 f3 68. Kc6 f2 69. Kd5 f1=Q 70. Kc6 Qf6+ 71. Kd7 Qee7+ 72. Kc8 Qh8#) 62. Kd4 e1=Q (62... e1=B $2 63. Ke4 $19) 63. Kd5 Qb4 64. Ke6 Qd4 65. Kf5 Kg7 66. Ke6 Kf8 (66... Kg6 67. g3 fxg3 68. f4 g2 69. f5+ Kg7 70. Ke7 g1=Q 71. f6+ Qxf6+ 72. Ke8 Qe6+ 73. Kd8 Qgb6#) 67. Kf5 Kf7 68. Kg5 Qe5+ 69. Kg4 Kf6 (69... Kg6 $2 70. g3 Qg5+ 71. Kh3 Qxg3#) 70. Kh4 Qg5+ 71. Kh3 Qh5#) 55. Bxc3 Nxc3+ {Black mates.} 56. Kc2 Nxa2 57. Kxb2 {KN-K3P} Nb4 58. Kc3 Nd3 59. f3 Nc5 60. g4 fxg4 61. fxg4 Kxh6 {KN-KP} 62. Kd4 {[#]} Kg5 $1 63. Ke3 Kxg4 64. Ke2 Kf4 65. Kf2 e3+ 66. Ke2 Ke4 67. Ke1 Kd3 68. Kd1 e2+ 69. Ke1 Nb3 {Black used his chance.   Weighted Error Value: White=0.49/Black=0.28 (precise) .  Loses game:     	White=1     	---        Missed win:     	White=1     	---        Mistake:       	White=5     	Black=5      Inaccurate:     	White=3     	Black=1      OK:         	White=20    	Black=19     Best:        	White=2     	Black=7      Strong:       	White=1     	Black=2      Brilliant:      	---       	Black=1} (69... Ne6 $142 70. Kf2 Kd2 71. Kg3 e1=Q+ (71... e1=R {leads to mate.} 72. Kg4 Re5 73. Kf3 Ke1 74. Kg3 Ke2 75. Kg2 Rg5+ 76. Kh3 Kf2 77. Kh4 Kf3 78. Kh3 Rh5#) 72. Kg4 Qf2 73. Kh5 Qg3 74. Kh6 Qg7+ 75. Kh5 Qg5#) 0-1

[Event "45th FIDE Womens Olympiad 2024"]
[Site "Budapest"]
[Date "2024.09.11"]
[Round "1.92"]
[White "Makropoulou, Marina"]
[Black "Portelli, Martina"]
[Result "1/2-1/2"]
[ECO "B31"]
[WhiteElo "2103"]
[BlackElo "1523"]
[Annotator "ChessBase"]
[PlyCount "111"]
[EventDate "2024.09.05"]
[EventType "team-tourn"]
[EventCountry "HUN"]
[SourceTitle "playchess.com"]
[Source "ChessBase"]
[SourceQuality "1"]
[WhiteTeam "Greece"]
[BlackTeam "Malta"]
[WhiteTeamCountry "GRE"]
[BlackTeamCountry "MLT"]
[TimeControl "40/5400+30:1800+30"]

1. e4 c5 2. Nf3 Nc6 3. Bb5 g6 4. O-O Bg7 5. c3 Nf6 6. Re1 O-O 7. d4 cxd4 8. cxd4 d5 9. e5 Nd7 10. Nc3 Nb6 11. h3 Bf5 12. g4 Bd7 13. Bf1 e6 14. b3 f6 15. Bg2 a6 16. exf6 Bxf6 17. Bh6 Re8 18. Qd2 Nc8 19. Rac1 Nd6 20. Ne5 Re7 21. Bf4 Nf7 22. Bg3 Qb6 23. Na4 Qxd4 24. Qxd4 Nxd4 25. Nxd7 Rxd7 26. Nb6 Rad8 27. Nxd7 Rxd7 28. Rc8+ Kg7 29. h4 Be7 30. Kf1 h6 31. Rec1 Nc6 32. Ke2 Nd6 33. Ra8 Nb5 34. a4 Nbd4+ 35. Kd1 Nxb3 36. Rxc6 bxc6 37. Rxa6 Nc5 38. Rxc6 Nxa4 39. Rxe6 d4 40. Bc6 Nc3+ 41. Kc2 Ra7 42. Be8 Bf6 43. g5 hxg5 44. hxg5 Bxg5 45. Rxg6+ Kf8 46. Rxg5 Kxe8 47. Kd3 Rd7 48. Be5 Nd1 49. Ke2 Nc3+ 50. Kd3 Nd1 51. Bxd4 Nxf2+ 52. Kc4 Rf7 53. Rg8+ Rf8 54. Rg7 Rf7 55. Rxf7 Kxf7 56. Bxf2 1/2-1/2